AoeStats
← Lord Laggington

Arabia

504863720Analyzed
2v2 RM · 2mo ago on Sep 6, 2026· 55m 11s· 4 players
Game mode
Random Map
Map size
Medium (4 player)
Population
200
Speed
Normal
Resources
Standard
Victory
Conquest
Starting age
Dark Age
Ending age
Imperial Age
RankedLock teamsTeams togetherTeam positionsShared explorationLock speedFull tech treeHidden civsTurbo modeCheats
Victory
Defeat
🇦🇷 Hindustanis · Argentina
968
+18
🇦🇷 Ethiopians · Argentina
964
+18
vs
🇩🇪 Mongols · Germany
1003
-18
🇩🇪 Tatars · Germany
1001
-18
WillJPH28
10:35 Feudal Age
10:41 Loom
11:05 Double-Bit Axe
16:41 Castle Age
14:55 Horse Collar
19:45 Scale Barding Armor
19:51 Forging
19:46 Stone Mining
22:29 Husbandry
27:17 Bloodlines
27:03 Gold Mining
27:34 Squires
27:58 Chain Barding Armor
27:54 Fletching
30:19 Heavy Plow
30:59 Wheelbarrow
33:16 Grand Trunk Road
37:50 Iron Casting
40:32 Scale Mail Armor
44:32 Imperial Age
42:19 Hand Cart
42:28 Elite Skirmisher
44:23 Stone Shaft Mining
44:26 Gold Shaft Mining
45:23 Heavy Camel Rider
46:43 Plate Barding Armor
48:00 Siege Elephant
50:14 Murder Holes
50:42 Ballistics
50:32 Masonry
51:12 Sanctity
51:29 Chain Mail Armor
51:16 Padded Archer Armor
51:51 Town Watch
56:15 Blast Furnace
Ryuk7950
6:44 Loom
6:49 Loom
9:49 Feudal Age
18:19 Castle Age
17:00 Double-Bit Axe
16:59 Horse Collar
18:21 Forging
19:40 Wheelbarrow
21:03 Scale Mail Armor
21:06 Arson
21:21 Squires
26:30 Iron Casting
32:49 Heavy Plow
39:13 Gold Mining
39:28 Fletching
41:07 Elite Skirmisher
43:32 Bow Saw
48:43 Ballistics
49:15 Royal Heirs
50:03 Gold Shaft Mining
49:53 Thumb Ring
53:48 Imperial Age
51:30 Crossbowman
54:34 Hand Cart
53:57 Arbalester
54:37 Bodkin Arrow
54:43 Padded Archer Armor
54:32 Capped Ram
55:40 Conscription
Lord Laggington
5:01 Loom
9:49 Feudal Age
12:23 Double-Bit Axe
14:39 Scale Barding Armor
22:09 Castle Age
21:11 Horse Collar
21:26 Gold Mining
21:59 Bloodlines
22:03 Fletching
22:40 Stone Mining
23:54 Town Watch
26:03 Husbandry
27:27 Bodkin Arrow
30:57 Wheelbarrow
37:33 Padded Archer Armor
43:05 Thumb Ring
47:14 Imperial Age
47:44 Town Patrol
51:00 Hand Cart
51:35 Parthian Tactics
52:17 Bow Saw
55:19 Chain Barding Armor
55:11 Forging
novusb4
8:36 Loom
10:21 Feudal Age
13:30 Double-Bit Axe
16:04 Castle Age
14:02 Gold Mining
13:59 Horse Collar
17:46 Wheelbarrow
17:23 Bow Saw
18:42 Bloodlines
18:32 Husbandry
22:14 Scale Barding Armor
24:42 Heavy Plow
26:14 Husbandry
28:57 Forging
30:52 Chain Barding Armor
31:56 Fletching
32:06 Padded Archer Armor
32:42 Hand Cart
32:57 Bodkin Arrow
34:13 Gold Shaft Mining
35:01 Leather Archer Armor
37:36 Ballistics
40:43 Imperial Age
43:30 Imperial Age
49:16 Iron Casting
Connection lost

Rejoining the realm…

Still unreachable

The connection could not be restored.

Session expired

The server has moved on; the page needs a fresh start.